 Dungeon Crawl Stone Soup version 0.28-a0-390-gb254ac4902 (webtiles) character file.

Game seed: 8345988602862720017

4220 bande the Cleaver (level 10, -1/61 HPs)
             Began as a Gargoyle Fighter on Sept 3, 2021.
             Was a Believer of Okawaru.
             Slain by a fire elemental (2 damage)
             ... summoned by a deep elf pyromancer
             ... on level 9 of the Dungeon.
             The game lasted 00:15:19 (9578 turns).

bande the Cleaver (Gargoyle Fighter)                Turns: 9578, Time: 00:15:20

Health: -1/61      AC: 23    Str: 27    XL:     10   Next: 30%
Magic:  12/12      EV:  7    Int: 16    God:    Okawaru [**....]
Gold:   519        SH:  5    Dex: 10    Spells: 9/9 levels left

rFire   . . .      SeeInvis .   a - +1 war axe
rCold   . . .      Faith    .   c - +0 buckler
rNeg    + . .      Spirit   .   t - +0 plate armour
rPois   ∞          Reflect  .   (no helmet)
rElec   +          Harm     .   (no cloak)
rCorr   .          Rampage  .   f - +1 pair of gloves
Will    .....                   (no boots)
Stlth   ..........              h - amulet of regeneration
HPRegen 1.20/turn               e - +6 ring of strength
MPRegen 0.13/turn               k - +6 ring of intelligence

@: on fire, glowing
A: sickness immunity, AC +7, negative energy resistance 1, electricity
resistance, torment resistance 1, petrification resistance
a: Renounce Religion, Heroism


You were on level 9 of the Dungeon.
You worshipped Okawaru.
Okawaru was pleased with you.
You visited 2 branches of the dungeon, and saw 10 of its levels.

You collected 519 gold pieces.

Inventory:

Hand Weapons
 a - a +1 war axe (weapon)
 o - a +4 flail of protection
Missiles
 j - 7 throwing nets (quivered)
Armour
 c - a +0 buckler (worn)
 f - a +1 pair of gloves (worn)
 t - a +0 plate armour (worn)
Jewellery
 e - a +6 ring of strength (left hand)
 h - an amulet of regeneration (around neck)
 k - a +6 ring of intelligence (right hand)
Wands
 b - a wand of flame (19)
 r - a wand of iceblast (9)
Scrolls
 d - 2 scrolls of fear
 l - 3 scrolls of enchant weapon
 p - a scroll of amnesia
 q - 3 scrolls of teleportation
 s - a scroll of fog {unknown}
Potions
 g - 2 potions of flight
 i - 4 potions of curing
 n - a potion of invisibility


   Skills:
 + Level 6.7 Fighting
 + Level 8.6 Axes
 + Level 7.9 Armour
 + Level 5.3 Shields
 * Level 3.9 Invocations
 * Level 4.8 Evocations


You had 9 spell levels left.
You didn't know any spells.
Your spell library contained the following spells:

 Spells                   Type           Power      Damage    Failure   Level
 Magic Dart               Conj           0%         1d3       94%         1
 Ensorcelled Hibernation  Hex/Ice        0%         N/A       98%         2
 Slow                     Hex            0%         N/A       98%         2
 Confusing Touch          Hex            0%         N/A       100%        3
 Gell's Gravitas          Tloc           0%         N/A       100%        3
 Lesser Beckoning         Tloc           0%         N/A       100%        3
 Mephitic Cloud           Conj/Pois/Air  0%         N/A       100%        3
 Spider Form              Tmut/Pois      0%         N/A       100%        3
 Teleport Other           Tloc           0%         N/A       100%        3
 Yara's Violent Unravell  Hex/Tmut       0%         3d3       100%        5
 Dispersal                Tloc           0%         N/A       100%        6
 Call Imp                 Summ           Unusable   N/A       N/A         2
 Summon Ice Beast         Ice/Summ       Unusable   N/A       N/A         4
 Summon Mana Viper        Hex/Summ       Unusable   N/A       N/A         5
 Monstrous Menagerie      Summ           Unusable   N/A       N/A         7

Dungeon Overview and Level Annotations

Branches:
Dungeon (9/15)             Temple (1/1) D:6
   Lair: D:8-11         Orc: D:9-12

Altars:
Ashenzari
Elyvilon
Gozag
Hepliaklqana
Kikubaaqudgha
Makhleb
Nemelex Xobeh
Okawaru
Ru
Sif Muna
Trog
Uskayaw
Vehumet
Xom
The Shining One

Annotations:
D:5 Prince Ribbit


Innate Abilities, Weirdness & Mutations

You are immune to sickness and miasma.
Your stone body is resilient. (AC +7)
You are immune to poison.
You resist negative energy. (rN+)
You are resistant to electric shocks. (rElec)
You are resistant to unholy torment.
You are immune to petrification.


Message History

You are covered in liquid flames!
You closely miss the deep elf pyromancer.
You are covered in liquid flames!
The deep elf pyromancer mumbles some strange words.
The deep elf pyromancer blinks!
The deep elf pyromancer barely misses you.
You slash the deep elf pyromancer!
The deep elf pyromancer is moderately wounded.
The deep elf pyromancer hits you but does no damage.
You closely miss the deep elf pyromancer.
The deep elf pyromancer is moderately wounded.
The deep elf pyromancer gestures wildly while chanting.
You closely miss the deep elf pyromancer.
The deep elf pyromancer is moderately wounded.
You slash the fire elemental!
The deep elf pyromancer hits you with a +3 long sword!
The fire elemental barely misses you.
You hit the fire elemental.
The fire elemental is moderately damaged.
You hit the deep elf pyromancer.
Your plate armour prevents you from hitting the fire elemental.
The deep elf pyromancer points at you and mumbles some strange words.
The sticky flame hits you but does no damage.
You are covered in liquid flames!
The fire elemental hits you. The fire elemental burns you!
The fire elemental hits you. The fire elemental burns you!
You closely miss the deep elf pyromancer.
The deep elf pyromancer is moderately wounded.
You closely miss the fire elemental. You slash the fire elemental!
You are covered in liquid flames!
The fire elemental hits you. The fire elemental burns you!
The deep elf pyromancer hits you with a +3 long sword.
* * * LOW HITPOINT WARNING * * *
The fire elemental hits you. The fire elemental burns you!
* * * LOW HITPOINT WARNING * * *
The deep elf pyromancer gestures at you while chanting.
The bolt of fire hits you.
* * * LOW HITPOINT WARNING * * *
The fire elemental hits you. The fire elemental burns you!
You die...

,,,,+,,,,,,,,,,,,#........#.....#
,,,,*,,,,,,,,,,,,#........#.....#
,,,,*,,,,,,,,,,,,#........#.....#
,,,,*,,*############......#.....#
,,,**,,*?.........?#......#.....#
,,,*,,,##.........##......#.....#
,,,*,,,#?.........:######.#.....#
,,,+,,,##.......E.###...#.#.....#
,,,*,,,#?.......@e?##...#.#.....#
,,,****##........E###...#.#.....#
,,,,,,,#?.........?##...#.#..(..#
,,,,,,,##.........###...'.'.....#
**,,,,,#?..........##...#.##'####
,*,,,,,######'#######...#........
,*,,,,,* #.........#####.....)..
,*,,,,,*###.........^............
,*,,,,,..........................


You could see a deep elf pyromancer and 2 fire elementals.

Vanquished Creatures
  Harold (D:8)
  Pikel (D:7)
  A kobold demonologist (D:9)
  Grinder (D:3)
  Sigmund (D:4)
  A wraith (D:9)
  Menkaure (D:4)
  A water moccasin (D:6)
  2 sky beasts
  An ice beast (D:8)
  A black bear (D:6)
  An orc warrior (D:9)
  An ogre (D:4)
  A phantom (D:6)
  2 bullfrogs
  A gnoll sergeant (D:6)
  A scorpion (D:6)
  A water moccasin skeleton (D:5)
  4 killer bees (D:8)
  3 howler monkeys (D:7)
  2 centaur zombies
  A gnoll shaman (D:4)
  4 hounds
  4 orc priests
  Terence (D:2)
  2 bullfrog skeletons (D:6)
  3 iguanas
  Ijyb (D:4)
  6 orc wizards
  A howler monkey zombie (D:9)
  10 gnolls
  4 adders
  2 shadow imps
  3 white imps
  An adder zombie (D:5)
  An adder skeleton (D:4)
  3 worms
  A dart slug (D:5)
  19 orcs
  7 endoplasms
  3 giant cockroaches
  5 goblins
  7 hobgoblins
  4 kobolds
  6 quokkas
  5 ball pythons
  3 bats
  5 frilled lizards
  6 rats
147 creatures vanquished.

Notes
Turn   | Place    | Note
-------+----------+-------------------------------------------
     0 | D:1      | bande the Gargoyle Fighter began the quest for the Orb.
     0 | D:1      | Reached XP level 1. HP: 14/14 MP: 1/1
   190 | D:1      | Reached XP level 2. HP: 19/19 MP: 2/2
   760 | D:1      | Found a faded altar of an unknown god.
   859 | D:2      | Noticed Terence
   870 | D:2      | Killed Terence
   871 | D:2      | Reached skill level 2 in Axes
   871 | D:2      | Reached XP level 3. HP: 20/24 MP: 3/3
  1040 | D:2      | Reached XP level 4. HP: 29/29 MP: 4/4
  1999 | D:3      | Reached XP level 5. HP: 29/33 MP: 5/5
  2328 | D:4      | Noticed Ijyb
  2343 | D:4      | Killed Ijyb
  2344 | D:4      | Reached skill level 3 in Axes
  3005 | D:4      | Noticed Grinder
  3036 | D:4      | Paralysed by Grinder for 5 turns
  3213 | D:3      | Killed Grinder
  3214 | D:3      | Reached skill level 4 in Axes
  3214 | D:3      | Reached skill level 5 in Armour
  3214 | D:3      | Reached XP level 6. HP: 20/39 MP: 6/6
  3632 | D:4      | Noticed Menkaure
  3642 | D:4      | Killed Menkaure
  3643 | D:4      | Reached XP level 7. HP: 23/44 MP: 7/7
  3819 | D:4      | Noticed Sigmund
  3835 | D:4      | Killed Sigmund
  3836 | D:4      | Reached skill level 5 in Axes
  3836 | D:4      | Reached skill level 1 in Evocations
  4391 | D:4      | Reached XP level 8. HP: 34/48 MP: 8/8
  4586 | D:5      | Entered Level 5 of the Dungeon
  4777 | D:5      | Noticed Prince Ribbit
  5799 | D:5      | Reached skill level 5 in Fighting
  6203 | D:6      | Reached skill level 6 in Axes
  6654 | D:6      | Found a staircase to the Ecumenical Temple.
  6718 | Temple   | Entered the Ecumenical Temple
  6882 | Temple   | Became a worshipper of Warmaster Okawaru
  7016 | D:6      | Reached XP level 9. HP: 37/54 MP: 9/9
  7277 | D:6      | Reached skill level 7 in Axes
  7296 | D:6      | Reached skill level 1 in Invocations
  7304 | D:6      | Found a hide-covered altar of Uskayaw.
  7640 | D:7      | Noticed Pikel
  7653 | D:7      | Killed Pikel
  7653 | D:7      | Reached * piety under Okawaru
  8277 | D:8      | Noticed Harold
  8295 | D:8      | Killed Harold
  8295 | D:8      | Reached ** piety under Okawaru
  8296 | D:8      | Reached skill level 8 in Axes
  8296 | D:8      | Reached skill level 5 in Shields
  8296 | D:8      | Reached XP level 10. HP: 46/61 MP: 10/12
  8973 | D:9      | Found a flagged portal.
  9520 | D:9      | Noticed a kobold demonologist
  9532 | D:9      | Noticed a soul eater
  9532 | D:9      | Killed a kobold demonologist
  9568 | D:9      | Noticed a deep elf pyromancer
  9578 | D:9      | HP: 1/61 [deep elf pyromancer/bolt of fire (5)]
  9578 | D:9      | Slain by a fire elemental

Illustrated notes

Levels and vault maps discovered:
D:1:      roderic_chinese_lattice_arrival, layout_rooms,
          shapermc_ecumenical_altar_hornbeckon
D:2:      layout_rooms, grunt_ministairs_6, uniq_terence
D:3:      layout_loops_ring
D:4:      layout_basic, uniq_menkaure, uniq_ijyb, uniq_grinder, uniq_sigmund
D:5:      layout_basic, uniq_prince_ribbit1
D:6:      layout_loops_ring, lemuel_coloured_pillars_altar,
          minmay_temple_entry_poolview, serial_park_tiny_1, nicolae_sextant,
          kennysheep_another_room
D:7:      layout_rooms, st_stairs_6, minmay_misc_feat_secret_circle, uniq_pikel
D:8:      layout_gridville, uniq_harold
D:9:      layout_irregular_city, enter_bailey_2, minmay_librarian
Temple:   roderic_octagonal_lattice_temple

Skill      XL: |  1  2  3  4  5  6  7  8  9 |
---------------+----------------------------+-----
Axes           | 2 4 5 6 8 |  8.6
Armour         | 4 5 6 7 |  7.9
Fighting       | 4 5 6 |  6.7
Shields        | 4 5 |  5.3
Evocations     | 1 3 4 |  4.8
Invocations    | 3 |  3.9

Action                   |  1- 3 |  4- 6 |  7- 9 | 10-12 || total
-------------------------+-------+-------+-------+-------++-------
Melee: War axe           |    85 |   116 |   395 |    90 ||   686
  Use: Potion            |     3 |     3 |     4 |       ||    10
       Scroll            |     1 |     5 |     2 |     1 ||     9
Armor: Scale mail        |    50 |    18 |       |       ||    68
       Chain mail        |       |    26 |   283 |    61 ||   370
       Plate armour      |       |       |       |    40 ||    40
Dodge: Dodged            |    44 |    49 |   133 |    58 ||   284
Block: Buckler           |    13 |    23 |    85 |    34 ||   155

Table legend: (Time is in decaauts)
 A = Elapsed time spent in this place.
 B = Non-inter-level travel time spent in this place.
 C = Inter-level travel time spent in this place.
 D = Time resting spent in this place.
 E = Time spent auto-exploring this place.
 F = Levels seen in this place.
 G = Mean time per level.
                   A        B        C        D        E       F      G
               +--------+--------+--------+--------+--------+-----+--------+
         Total |   9751 |   9690 |     61 |   2444 |   5202 |  10 |  975.1 |
       Dungeon |   9556 |   9495 |     61 |   2444 |   5057 |   9 | 1061.8 |
        Temple |    194 |    194 |      0 |      0 |    145 |   1 |  194.0 |
               +--------+--------+--------+--------+--------+-----+--------+

Top non-repeatable levels by time:
     D:4: 1935 daAuts
     D:3: 1365 daAuts
     D:5: 1316 daAuts
     D:6: 1245 daAuts
     D:8: 905 daAuts
     D:1: 892 daAuts
     D:9: 645 daAuts
     D:2: 630 daAuts
     D:7: 620 daAuts
  Temple: 194 daAuts
